 Dungeon Crawl Stone Soup version 0.21.0 (webtiles) character file.

2385 Jganora the Cleaver (level 9, -22/74 HPs)
             Began as a Deep Dwarf Fighter on Jan 6, 2018.
             Annihilated by an orc knight
             ... wielding a +0 battleaxe
              (23 damage)
             ... in a bailey.
             The game lasted 00:11:13 (5517 turns).

Jganora the Cleaver (Deep Dwarf Fighter)            Turns: 5517, Time: 00:11:14

Health: -22/74     AC: 13    Str: 22    XL:     9   Next: 22%
Magic:  0/0        EV: 13    Int: 10    God:
Gold:   355        SH: 10    Dex: 15    Spells: 8/8 levels left

rFire    . . .     SeeInvis .   i - +4 hand axe
rCold    . . .     Gourm    .   c - +0 shield
rNeg     . . .     Faith    .   h - +4 ring mail of the Arcane {rElec Stlth+}
rPois    .         Spirit   .   u - +0 helmet
rElec    +         Reflect  .   w - scarf {repulsion}
rCorr    .         Harm     .   (no gloves)
MR       +....                  m - +1 pair of boots
Stlth    ++........             (no amulet)
HPRegen  0.00/turn              n - +5 ring of evasion
MPRegen  0.07/turn              F - +3 ring of dexterity

@: non-regenerating, repel missiles
A: damage resistance, heal wounds, sense surroundings 2, no regeneration
a: Heal Wounds


You were in a bailey.
You were not hungry.

You visited 1 branch of the dungeon, and saw 8 of its levels.
You also visited: Bailey.

You collected 355 gold pieces.

Inventory:

Hand Weapons
 a - a +0 war axe
 i - a +4 hand axe (weapon)
Armour
 c - a +0 shield (worn)
 h - the +4 ring mail of the Arcane (worn) {rElec Stlth+}
   (You found it on level 7 of the Dungeon)

   It insulates you from electricity.
   It makes you more stealthy.
 j - a +0 chain mail
 m - a +1 pair of boots (worn)
 u - a +0 helmet (worn)
 v - a +0 cloak
 w - a scarf of repulsion (worn)
Jewellery
 n - a +5 ring of evasion (left hand)
 o - a +3 ring of intelligence
 q - an uncursed ring of flight
 C - a -3 ring of dexterity
 F - a +3 ring of dexterity (right hand)
Wands
 d - a wand of digging (15)
Scrolls
 b - 3 scrolls of enchant armour
 e - 2 scrolls of remove curse
 g - a scroll of fear
 l - 3 scrolls of identify
 p - 2 scrolls of noise
 t - a scroll of magic mapping
 y - a scroll of random uselessness {unknown}
 z - a scroll of immolation {unknown}
 B - 2 scrolls of vulnerability {unknown}
 D - a scroll of acquirement {unknown}
 E - a scroll of amnesia {unknown}
 G - a scroll of blinking {unknown}
 H - a scroll of enchant weapon {unknown}
Potions
 s - a potion of lignification
 x - a potion of agility
Books
 k - a book of Callings

   Spells                             Type                      Level
   a - Summon Small Mammal            Summoning                    1
   b - Call Imp                       Summoning                    2
   c - Call Canine Familiar           Summoning                    3
   d - Summon Guardian Golem          Hexes/Summoning              3
   e - Summon Lightning Spire         Summoning/Air                4
   f - Summon Ice Beast               Ice/Summoning                4
 A - a book of Flames

   Spells                             Type                      Level
   a - Flame Tongue                   Conjuration/Fire             1
   b - Throw Flame                    Conjuration/Fire             2
   c - Conjure Flame                  Conjuration/Fire             3
   d - Inner Flame                    Hexes/Fire                   3
   e - Sticky Flame                   Conjuration/Fire             4
   f - Fireball                       Conjuration/Fire             5
Comestibles
 f - 12 rations


   Skills:
 + Level 2.6 Fighting
 + Level 13.2 Axes
 + Level 3.3 Armour
 + Level 3.3 Shields


You had 8 spell levels left.
You didn't know any spells.

Dungeon Overview and Level Annotations

Branches:
Dungeon (8/15)             Temple (0/1) D:4
   Lair: D:8-11

Altars:
Ashenzari
Cheibriados
Dithmenos
Elyvilon
Gozag
Zin


Innate Abilities, Weirdness & Mutations

You are resistant to damage.
You can heal yourself by infusing magical energy.
You passively map the area around you.
You do not regenerate.


Message History

The tomahawk of returning completely misses you.
The weapon returns to the kobold!
Okay, then.
You don't have enough innate magic capacity.
You slash the orc knight!
The orc knight is lightly wounded.
The kobold throws a tomahawk of returning.
The tomahawk of returning misses you.
The weapon returns to the kobold!
The orc knight closely misses you.
The kobold throws a tomahawk of returning.
You block the tomahawk of returning.
The weapon returns to the kobold!
Unknown command.
You hit the orc knight.
The orc knight is moderately wounded.
You hit the orc knight.
The orc knight is moderately wounded.
The kobold throws a tomahawk of returning.
You block the tomahawk of returning.
The orc knight hits you with a battleaxe!!
You die...

##...(..####...####....
♣##....##≈o#####g≈##...
♣.##...#≈)!8o..8?)≈#(..
♣♣..###'#≈.........≈#(##
♣...≈≈≈(#≈..8...8..≈#(≈≈
♣..K≈≈≈.##.........##.≈≈
∩...≈≈≈(#≈....∩....≈#.≈≈
*♣..K≈≈≈(# #.≈≈
♣..K≈≈≈@# ≈, #.≈≈
♣♣..###o# ,,**#'## ♣.#


.Kg 8 ... ♣#* ....# ≈ ≈ ≈ *... ,.....# * #.... ,..8.... ,* + ...K8 ........ ,
...o. #!........, , K, ,8, , , , You could see an orc knight, a goblin and 4
kobolds.

Vanquished Creatures
  Joseph (D:7)
  Prince Ribbit (D:7)
  Duvessa (D:7)
  2 ice beasts
  A hornet zombie (D:7)
  An orc warrior (D:6)
  2 centaurs
  2 bullfrogs
  Dowan (D:7)
  2 scorpions
  A crimson imp (D:5)
  Crazy Yiuf (D:4)
  5 orc priests
  A gnoll shaman (D:4)
  5 orc wizards
  3 worker ants
  A hound zombie (D:7)
  A hound skeleton (D:7)
  21 gnolls
  8 adders
  2 shadow imps
  An adder zombie (D:5)
  4 worms
  A dart slug (D:1)
  3 leopard geckos
  28 orcs
  2 ball pythons
  4 bats (D:2)
  6 giant cockroaches
  15 goblins
  10 hobgoblins
  11 jackals
  13 kobolds
  A quokka (D:2)
  3 frilled lizards
  6 rats
171 creatures vanquished.

Vanquished Creatures (others)
  An orc wizard (D:6)
1 creature vanquished.

Grand Total: 172 creatures vanquished

Notes
Turn   | Place    | Note
-------+----------+-------------------------------------------
     0 | D:1      | Jganora the Deep Dwarf Fighter began the quest for the Orb.
     0 | D:1      | Reached XP level 1. HP: 20/20 MP: 1/1
   124 | D:1      | Found a shattered altar of Ashenzari.
   203 | D:1      | Reached skill level 3 in Axes
   203 | D:1      | Reached XP level 2. HP: 16/27 MP: 2/2
   830 | D:2      | Reached XP level 3. HP: 33/33 MP: 1/1
   865 | D:2      | Reached skill level 4 in Axes
  1379 | D:3      | Reached XP level 4. HP: 37/40 MP: 2/2
  1406 | D:3      | Reached skill level 5 in Axes
  1651 | D:3      | Reached skill level 6 in Axes
  1651 | D:3      | Reached XP level 5. HP: 23/46 MP: 3/3
  1968 | D:4      | Found an opulent altar of Gozag.
  2069 | D:4      | Reached skill level 7 in Axes
  2069 | D:4      | Reached XP level 6. HP: 29/55 MP: 4/4
  2249 | D:4      | Found a white marble altar of Elyvilon.
  2249 | D:4      | Found a glowing silver altar of Zin.
  2360 | D:4      | Found a runed door.
  2488 | D:4      | Noticed Crazy Yiuf
  2504 | D:4      | Killed Crazy Yiuf
  2734 | D:4      | Found a staircase to the Ecumenical Temple.
  3098 | D:5      | Entered Level 5 of the Dungeon
  3113 | D:5      | Reached skill level 8 in Axes
  3128 | D:5      | Reached XP level 7. HP: 53/61 MP: 3/3
  3301 | D:5      | Found a white marble altar of Elyvilon.
  3360 | D:5      | Reached skill level 9 in Axes
  3730 | D:6      | Reached skill level 10 in Axes
  3752 | D:6      | Reached XP level 8. HP: 43/68 MP: 2/2
  3902 | D:6      | Found a shadowy altar of Dithmenos.
  3922 | D:6      | Reached skill level 11 in Axes
  4055 | D:6      | Found a snail-covered altar of Cheibriados.
  4476 | D:7      | Noticed Duvessa
  4479 | D:7      | Noticed Dowan
  4491 | D:7      | Killed Duvessa
  4501 | D:7      | Killed Dowan
  4501 | D:7      | Reached skill level 12 in Axes
  4654 | D:7      | Noticed Prince Ribbit
  4685 | D:7      | Killed Prince Ribbit
  4769 | D:7      | Noticed Joseph
  4829 | D:7      | Killed Joseph
  4829 | D:7      | Gained mutation: You passively map the area around you. [Deep Dwarf growth]
  4829 | D:7      | Reached XP level 9. HP: 15/74 MP: 1/1
  5096 | D:7      | Reached skill level 13 in Axes
  5179 | D:7      | Got an emerald-encrusted ring mail
  5190 | D:7      | Identified the +4 ring mail of the Arcane {rElec Stlth+} (You found it on level 7 of the Dungeon)
  5390 | D:8      | Found a flagged portal.
  5405 | Bailey   | Entered a bailey
  5410 | Bailey   | Noticed an orc warlord
  5454 | Bailey   | Noticed an orc knight
  5498 | Bailey   | Noticed an orc knight
  5513 | Bailey   | HP: 1/74 [orc knight/battleaxe (26)]
  5517 | Bailey   | Annihilated by an orc knight

Skill      XL: |  1  2  3  4  5  6  7  8  9 |
---------------+----------------------------+-----
Axes           | 3 4 6 7 8 10 12 13 | 13.2
Fighting       | |  2.6
Armour         | |  3.3
Shields        | |  3.3

Action                   |  1- 3 |  4- 6 |  7- 9 || total
-------------------------+-------+-------+-------++-------
Melee: War axe           |   159 |   161 |   300 ||   620
       Hand axe          |       |       |    24 ||    24
 Abil: Heal Wounds       |     2 |     5 |    11 ||    18
  Use: Potion            |       |       |    12 ||    12
       Scroll            |       |       |     6 ||     6
  Eat: Chunk             |     1 |     5 |    10 ||    16
Armor: Scale mail        |    47 |       |       ||    47
       Chain mail        |    14 |    78 |   120 ||   212
       Skin              |       |       |    14 ||    14
       Ring mail         |       |       |     7 ||     7
Dodge: Dodged            |    51 |    34 |    82 ||   167
       Deflected         |       |       |    13 ||    13
Block: Shield            |    93 |    71 |   199 ||   363
